 Dungeon Crawl Stone Soup version 0.28.0-53-g5a82cb258f (webtiles) character file.

Game seed: 11037492496924693611

2 Icepheonix32 the Insei (level 1, -1/15 HPs)
             Began as a Merfolk Transmuter on June 6, 2022.
             Slain by a dart slug (3 damage)
             ... on level 1 of the Dungeon.
             The game lasted 00:00:11 (27 turns).

Icepheonix32 the Insei (Merfolk Transmuter)           Turns: 27, Time: 00:00:12

Health: -1/15      AC:  2    Str: 10    XL:     1   Next: 40%
Magic:  2/3        EV: 12    Int: 12    God:
Gold:   0          SH:  0    Dex: 14    Spells: 3/4 levels left

rFire   . . .      SeeInvis .     - Unarmed
rCold   . . .      Faith    .   (no shield)
rNeg    . . .      Spirit   .   a - +0 robe
rPois   .          Reflect  .   (helmet currently unavailable)
rElec   .          Harm     .   (no cloak)
rCorr   .          Rampage  .   (no gloves)
Will    .....                   (boots currently unavailable)
Stlth   +.........              (no amulet)
HPRegen 0.05/turn               (no ring)
MPRegen 0.08/turn               (no ring)

@: appendages
A: horns 2, (nimble swimmer 2), mertail
a: End Transformation


You were on level 1 of the Dungeon.
You had temporarily grown beastly horns.
You visited 1 branch of the dungeon, and saw 1 of its levels.

Inventory:

Armour
 a - a +0 robe (worn)


   Skills:
 - Level 1.1 Fighting
 + Level 2.7 Dodging
 + Level 3.4 Unarmed Combat
 - Level 2.0 Spellcasting
 + Level 2.7 Transmutations


You had 3 spell levels left.
You knew the following spells:

 Your Spells              Type           Power      Damage    Failure   Level
a - Beastly Appendage     Tmut           14%        N/A       9%          1

Your spell library contained the following spells:

 Spells                   Type           Power      Damage    Failure   Level
 Wereblood                Tmut           7%         N/A       13%         2
 Spider Form              Tmut/Pois      4%         N/A       43%         3
 Ice Form                 Ice/Tmut       4%         N/A       83%         4


Dungeon Overview and Level Annotations

Branches:
Dungeon (1/15)

Altars:


Innate Abilities, Weirdness & Mutations

You have temporarily grown beastly horns.
((You are very nimble when in or above water. (Stealth+, EV+, Speed+++)))
Your lower body shifts to a powerful aquatic tail in water.


Message History

The slug dart hits you.
A ball python and an endoplasm come into view.
Found 5 gold pieces.
A ball python comes into view.
The ball python moves out of view.
The hobgoblin misses you.
You hit the hobgoblin.
You kill the hobgoblin!
Your transformation is almost over.
A bat comes into view.
A kobold comes into view. It is wielding a +0 dagger.
You closely miss the goblin. The goblin hits you with a +0 dagger.
You barely miss the goblin.
The kobold throws a stone.
The stone hits you. The goblin misses you.
You hit the endoplasm. You headbutt the endoplasm.
You kill the endoplasm!
The goblin hits you with a +0 dagger.
You closely miss the ball python. The ball python bites you.
The ball python barely misses you.
The kobold throws a stone.
The stone hits you but does no damage. The dart slug launches a dart at you.
The slug dart hits you. The goblin hits you with a +0 dagger.
* * * LOW HITPOINT WARNING * * *
You are too injured to fight recklessly!
The goblin hits you but does no damage. The ball python closely misses you.
The ball python barely misses you.
The ball python bites you but does no damage.
The ball python grabs you. The ball python constricts you.
You escape the ball python's grasp.
The dart slug launches a dart at you. The slug dart misses you.
There is an open door here.
You hit the dart slug.
The dart slug is lightly wounded.
Your horns disappear.
The dart slug closely misses you.
Casting: Beastly Appendage (safe; 9% risk of failure)
Confirm with . or Enter, or press ? or * to list all spells.
You grow a pair of large bovine horns.
The dart slug bites you.
You die...

+..8.8..'....^#
##.....########
#.....# #.8.8.#
#.....# #
#.....# .. #
#.8.8.# .. #.
###'###.# #. #@#
..#
..###.##w#...#
....K..KS....#
....$#..........
...#............
..............##
..............#
................
....#...........


You could see a dart slug, a ball python and a kobold.

Vanquished Creatures
  An endoplasm (D:1)
  A hobgoblin (D:1)
2 creatures vanquished.

Notes
Turn   | Place    | Note
-------+----------+-------------------------------------------
     0 | D:1      | Icepheonix32 the Merfolk Transmuter began the quest for the
                  | Orb.
     0 | D:1      | Reached XP level 1. HP: 15/15 MP: 3/3
    27 | D:1      | Slain by a dart slug

Illustrated notes

Levels and vault maps discovered:
D:1:      elethiomel_arrival_quiet, layout_rooms,
          hellmonk_ecumenical_altar_run_dry, supply_closet_lemuel

Action                   || total
-------------------------++-------
Melee: Unarmed           ||     6
       Headbutt          ||     1
 Cast: Beastly Appendage ||     2
Armor: Robe              ||     3
Dodge: Dodged            ||     7
